 Dungeon Crawl Stone Soup version 0.19-a0-944-gb338e1e (webtiles) character file.

97 Implojin the Ruffian (level 4, -2/44 HPs)
             Began as a Troll Fighter on July 9, 2016.
             Shot with an arrow by a centaur (8 damage)
             ... on level 3 of the Dungeon.
             The game lasted 00:02:12 (347 turns).

Implojin the Ruffian (Troll Fighter)                 Turns: 347, Time: 00:02:13

Health: -2/44      AC:  7    Str: 24    XL:     4   Next: 42%
Magic:  3/3        EV:  8    Int:  4    God:
Gold:   19         SH:  8    Dex: 10    Spells: 0 memorised, 3 levels left

rFire  . . .     SeeInvis .       - Unarmed
rCold  + . .     Gourm    +     f - +2 robe {rC+}
rNeg   . . .     Faith    .     b - +0 shield
rPois  +         Spirit   .     (helmet restricted)
rElec  .         Dismiss  .     (no cloak)
rCorr  .         Reflect  .     (gloves unavailable)
SustAt .         Harm     .     (boots unavailable)
MR     .....                    (no amulet)
Stlth  +.........               (no ring)
                                j - ring of poison resistance

@: not resistant to hostile enchantments, very unstealthy
A: unfitting armour, claws 3, fast metabolism 3, gourmand, regeneration 2,
shaggy fur 1, tough skin 2
a: no special abilities


You were on level 3 of the Dungeon.
You were very full.

You visited 1 branch of the dungeon, and saw 3 of its levels.

You collected 19 gold pieces.

Inventory:

Hand Weapons
 l - a +0 flail
Missiles
 m - a steel tomahawk (quivered)
Armour
 a - a +0 robe
 b - a +0 shield (worn)
 f - a +2 robe of cold resistance (worn)
Jewellery
 j - a ring of poison resistance (left claw)
Scrolls
 g - 2 scrolls of amnesia {unknown}
 h - a scroll of random uselessness {unknown}
 i - 2 scrolls of teleportation {unknown}
Potions
 c - a potion of might
Comestibles
 d - 3 bread rations
 k - 4 chunks of flesh


   Skills:
 - Level 2.4 Fighting
 - Level 2.4 Dodging
 - Level 2.4 Shields
 * Level 4.7 Unarmed Combat


You had 3 spell levels left.
You didn't know any spells.

Dungeon Overview and Level Annotations

Branches:
Dungeon (3/15)

Altars:


Innate Abilities, Weirdness & Mutations

You are too large for most types of armour.
You have claws for hands.
Your metabolism is lightning-fast.
You like to eat raw meat.
You heal very quickly.
You are covered in fur. (AC +1)
You have very tough skin. (AC +2)


Message History

* * * LOW HITPOINT WARNING * * *
Unknown command.
You claw the orc priest!
The orc priest is heavily wounded.
You block the orc priest's attack.
You scratch the orc priest.
The orc priest is almost dead.
The orc priest hits you with a flail!
* * * LOW HITPOINT WARNING * * *
Your shield prevents you from hitting the orc priest.
The orc priest is almost dead.
You claw the orc priest!
You kill the orc priest!
You see here a flail.
l - a flail You now have 19 gold pieces (gained 9).
You see here a steel tomahawk.
m - a steel tomahawk A centaur comes into view.
The centaur shouts!
The centaur wields a shortbow.
The centaur shoots an arrow.
You block the arrow.
Things that are here:
an arrow; a steel tomahawk The centaur shoots an arrow.
The arrow hits you!
* * * LOW HITPOINT WARNING * * *
The centaur shoots an arrow.
The arrow hits you but does no damage.
You see here 2 arrows.
Okay, then.
Okay, then.
Wear which item? (? for menu, Esc to quit)
Okay, then.
Okay, then.
It was a potion of curing.
You feel better.
The centaur shoots an arrow.
The arrow hits you.
* * * LOW HITPOINT WARNING * * *
The centaur shoots an arrow.
The arrow hits you!
* * * LOW HITPOINT WARNING * * *
The centaur shoots an arrow.
The arrow hits you!
You die...

.........## ......c.. .......
..... ## #.#.# ..##
#########.#.## ..####
##.<...##.(.(.## #....#
##..............###....# ####
#....†.......@...##....# ....
#......................##..#$.
#................##...........
#.........†..............#....
#................##...(...#
#................##....#......
##..........................##
##.....##........#....#..#...
###############.##.###.. ..


You could see a centaur.

Vanquished Creatures
  An orc priest (D:3)
  Jessica (D:2)
  An adder (D:3)
  A dart slug (D:2)
  3 orcs (D:2)
  A ball python (D:2)
  5 goblins
  6 hobgoblins
  A kobold (D:1)
  A quokka (D:3)
  4 bats
  A giant newt (D:1)
  A rat (D:1)
27 creatures vanquished.

Notes
Turn   | Place    | Note
-------+----------+-------------------------------------------
     0 | D:1      | Implojin the Troll Fighter began the quest for the Orb.
     0 | D:1      | Reached XP level 1. HP: 22/22 MP: 0/0
   104 | D:2      | Reached XP level 2. HP: 29/29 MP: 1/1
   108 | D:2      | Noticed Jessica
   112 | D:2      | Killed Jessica
   112 | D:2      | Reached skill level 3 in Unarmed Combat
   112 | D:2      | Reached XP level 3. HP: 28/36 MP: 2/2
   161 | D:3      | Reached skill level 4 in Unarmed Combat
   322 | D:2      | Reached XP level 4. HP: 29/44 MP: 3/3
   342 | D:3      | Noticed a centaur
   347 | D:3      | Shot with an arrow by a centaur

Vault maps used:
D:1:      dpeg_arrival_concentric_ovals
D:2:      serial_forest, infiniplex_forest_lined_room_3,
          infiniplex_forest_lined_ring, infiniplex_forest_straight_1,
          infiniplex_forest_lined_ring, infiniplex_forest_end_2,
          infiniplex_forest_end_1, infiniplex_forest_lined_corner,
          infiniplex_forest_straight_4, infiniplex_forest_end_1, first_bread,
          uniq_jessica
D:3:      elyvilon_altar_4, uniq_iyjb

Skill      XL: |  1  2  3 |
---------------+----------+-----
Unarmed Combat | 3 4 |  4.7
Fighting       | |  2.4
Dodging        | |  2.4
Shields        | |  2.4

Action                   |  1- 3 |  4- 6 || total
-------------------------+-------+-------++-------
Melee: Unarmed           |    53 |     4 ||    57
  Use: Potion            |       |     1 ||     1
  Eat: Chunk             |     8 |       ||     8
Armor: Robe              |    56 |     1 ||    57
Dodge: Dodged            |    51 |       ||    51
Block: Shield            |    68 |     2 ||    70

Table legend:
 A = Turns spent in this place as a percentage of turns spent in the entire game.
 B = Non-inter-level travel turns spent in this place as a percentage of non-inter-level travel turns spent in the entire game.
 C = Inter-level travel turns spent in this place as a percentage of turns spent in this place.
 D = Turns resting spent in this place as a percentage of non-inter-level travel turns spent in this place.
 E = Turns spent auto-exploring this place as a percentage of non-inter-level travel turns spent in this place.
 F = Non-inter-level travel turns spent in this place divided by the number of levels of this place that you've seen.
                   A       B       C       D       E      F
               +-------+-------+-------+-------+-------+----------------------
         Total | 100.0 | 100.0 |   0.0 |   0.0 |   0.0 | 108.7
       Dungeon | 100.0 | 100.0 |   0.0 |   0.0 |   0.0 | 108.7
               +-------+-------+-------+-------+-------+----------------------

Table legend:
 A = Kills in this place as a percentage of kills in entire the game.
 B = Kills by you in this place as a percentage of kills by you in the entire game.
 C = Kills by friends in this place as a percentage of kills by friends in the entire game.
 D = Other kills in this place as a percentage of other kills in the entire game.
 E = Experience gained in this place as a percentage of experience gained in the entire game.
 F = Experience gained in this place divided by the number of levels of this place that you have seen.
                   A       B       C       D       E      F
               +-------+-------+-------+-------+-------+----------------------
         Total | 100.0 | 100.0 |  -nan |  -nan | 100.0 |  46.3
       Dungeon | 100.0 | 100.0 |  -nan |  -nan | 100.0 |  46.3
               +-------+-------+-------+-------+-------+----------------------
